 Dungeon Crawl Stone Soup version 0.31-a0-233-g139696dc86 (webtiles) character file.

Game seed: 17527704969511540954

4 Shard1697 the Stinger (level 1, -2/16 HPs)
             Began as a Djinni Summoner on July 8, 2023.
             Frozen to death by an endoplasm (7 damage)
             ... on level 1 of the Dungeon.
             The game lasted 00:00:51 (227 turns).

Shard1697 the Stinger (Djinni Summoner)              Turns: 227, Time: 00:00:51

Health: -2/16      AC:  2    Str:  7    XL:     1   Next: 66%
Gold:   19         EV:  9    Int: 16    God:
                   SH:  0    Dex: 13

rFire   + + .        b - +0 hand axe
rCold   x . .        (no shield)
rNeg    . . .        a - +0 robe
rPois   ∞            (no helmet)
rElec   .            (no cloak)
rCorr   .            (no gloves)
SInv    .            (boots unavailable)
Will    .....        (no amulet)
Stlth   ++           (no ring)
HPRegen 0.22/turn    (no ring)
MPRegen 0.00/turn

%: infuse magic (-3 HP)
@: flying, constricted
A: sickness immunity, fire resistance 2, cold vulnerability 1, float, innate
caster, HP casting, extra vitality 1
a: no special abilities


You were on level 1 of the Dungeon.
You visited 1 branch of the dungeon, and saw 2 of its levels.

You collected 19 gold pieces.

Inventory:

Hand Weapons
 b - a +0 hand axe (weapon)
Armour
 a - a +0 robe (worn)


   Skills:
 + Level 0.4 Fighting
 - Level 2.1 Dodging
 - Level 1.5 Stealth
 + Level 3.4 Spellcasting
 + Level 3.4 Conjurations
 + Level 3.4 Hexes
   Level 0.0 Charms
 + Level 3.4 Summonings
 + Level 3.4 Necromancy
 + Level 3.4 Translocations
 + Level 3.4 Transmutations
 + Level 3.4 Fire Magic
 + Level 3.4 Ice Magic
 + Level 3.4 Air Magic
 + Level 3.4 Earth Magic
 + Level 3.4 Poison Magic


You knew the following spells:

 Your Spells              Type           Power      Damage    Failure   Level
a - Summon Small Mammal   Summ           52%        N/A       4%          1
b - Call Imp              Summ           26%        N/A       7%          2
c - Call Canine Familiar  Summ           13%        N/A       13%         3
d - Summon Guardian Gole  Hex/Summ       13%        N/A       13%         3
e - Summon Lightning Spi  Summ/Air       13%        N/A       41%         4
Your spell library was empty.

Dungeon Overview and Level Annotations

Branches:
Dungeon (2/15)

Altars:

Annotations:
D:2 Sigmund


Innate Abilities, Weirdness & Mutations

You are immune to sickness and miasma.
You are immune to poison.
Your flesh is very heat resistant. (rF++)
You are vulnerable to cold. (rC-)
You float through the air rather than walking.
You learn spells naturally, not from books.
Your magical power is your life essence.
You have superior vitality. (+4 MHP)


Message History

Found a scroll labelled QAOKKO CECKU.
Casting: Summon Small Mammal (safe; 4% risk of failure)
Confirm with . or Enter, or press ? or * to list all spells.
The rat bites you but does no damage.
Found a hand axe.
Your bat hits the rat. x2
The rat dies!
Casting: Summon Small Mammal (safe; 4% risk of failure)
Confirm with . or Enter, or press ? or * to list all spells.
Your bat misses the ball python. The ball python bites your bat.
The ball python grabs your bat. The ball python constricts your bat.
Your bat misses the ball python. Your bat hits the ball python.
Your bat struggles to escape constriction.
The ball python bites your bat.
Your bat dies!
Your bat's corpse disappears in a puff of smoke!
You swap places.
Your rat closely misses the ball python.
The ball python bites your rat but does no damage.
The ball python barely misses your rat. The ball python bites your rat.
The ball python grabs your rat. The ball python constricts your rat.
Your rat dies!
Your rat's corpse disappears in a puff of smoke!
You see here a scroll labelled QAOKKO CECKU.
A rat comes into view.
You see here a +0 hand axe.
b - a +0 hand axe
b - a +0 hand axe (weapon)
The endoplasm misses you. The ball python barely misses you.
The ball python misses you.
The ball python attacks as you move away!
The ball python bites you. The ball python closely misses you.
The endoplasm attacks as you move away! The endoplasm misses you.
Casting: Summon Small Mammal (safe; 4% risk of failure)
Confirm with . or Enter, or press ? or * to list all spells.
The ball python bites you. The ball python grabs you.
The ball python constricts you. The endoplasm freezes you.
You are frozen!
You feel a terrible chill!
You die...

#..8.....8.#.# ####
#....l.....#.## ##...
#.#######.##.. ...>.
#..######.##.# ##..
##........##.# #..
#####.##....#########
#.. #.##..r.?.......r
#.. #.##...SJ########
#.. #.###.#@.# #..
#.# #.#..# ### #..
#.♣.♣.. #♣. ##♣.♣###
♣.♣ ♣.♣ ♣.♣ ♣.♣


You could see an endoplasm, a ball python (ally target) and a friendly quokka
(summoned).

Vanquished Creatures (collateral kills)
  A hobgoblin (D:1)
  3 ball pythons
  A rat (D:1)
5 creatures vanquished.

Notes
Turn   | Place    | Note
-------+----------+-------------------------------------------
     0 | D:1      | Shard1697 the Djinni Summoner began the quest for the Orb.
     0 | D:1      | Shard1697 set off with the following spells memorised:
                  | Summon Small Mammal, Call Imp, Call Canine Familiar, Summon
                  | Guardian Golem, Summon Lightning Spire.
     0 | D:1      | Reached XP level 1. HP: 15/15 MP: 0/0
   166 | D:1      | You are sucked into a shaft and drop 1 floor!
   196 | D:2      | Noticed Sigmund
   227 | D:1      | Frozen to death by an endoplasm

Illustrated notes

Levels and vault maps discovered:
D:1:      matt_arrival_spirals, layout_loops_ring, serial_forest,
          infiniplex_forest_straight_5, infiniplex_forest_end_3,
          infiniplex_forest_lined_2, infiniplex_forest_lined_corner,
          infiniplex_forest_straight_3, infiniplex_forest_straight_2,
          infiniplex_forest_straight_5, infiniplex_forest_clump_cross,
          infiniplex_forest_lined_corner, infiniplex_forest_end_2, st_stairs_1,
          minmay_misc_feat_hallway
D:2:      layout_rooms, serial_shops, nicolae_shop_just_a_little_nook,
          basic_altar, minmay_distorted, uniq_natasha, uniq_sigmund

Action                     || total
---------------------------++-------
  Melee: Unarmed           ||     1
   Cast: Summon Small Mamm ||    17
    Use: Scroll            ||     1
 Armour: Robe              ||     6
  Dodge: Dodged            ||    19

Table legend: (Time is in decaauts)
 A = Elapsed time spent in this place.
 B = Non-inter-level travel time spent in this place.
 C = Inter-level travel time spent in this place.
 D = Time resting spent in this place.
 E = Time spent auto-exploring this place.
 F = Levels seen in this place.
 G = Mean time per level.
                   A        B        C        D        E       F      G
               +--------+--------+--------+--------+--------+-----+--------+
         Total |    225 |    225 |      0 |      4 |    127 |   2 |  112.5 |
       Dungeon |    225 |    225 |      0 |      4 |    127 |   2 |  112.5 |
               +--------+--------+--------+--------+--------+-----+--------+

Top non-repeatable levels by time:
     D:1: 192 daAuts
     D:2: 33 daAuts
